 Dungeon Sprint DCSS version 0.14-a0-3367-g7c2a7eb (webtiles) character file.

13 Froboctopus the Caller (level 2, 0/17 HPs)
             Began as an Octopode Summoner on Mar 19, 2014.
             Was an Initiate of Sif Muna.
             Slain by a black bear (4 damage)
             ... in the Dungeon (Sprint VII: "The Pits").
             The game lasted 00:01:27 (355 turns).

Froboctopus the Caller (Octopode Summoner)           Turns: 355, Time: 00:01:28

HP   0/17        AC  1     Str  7      XL: 2   Next: 37%
MP   0/5         EV 12     Int 17      God: Sif Muna [......]
Gold 0           SH  0     Dex 12      Spells:  2 memorised,  3 levels left

rFire  . . .     SeeInvis .     p - staff of energy
rCold  . . .     Clarity  .     (no shield)
rNeg   . . .     Conserve .     (helmet restricted)
rPois  .         rCorr    .     (no amulet)
rElec  .         rRot     .     (no ring)
SustAb . .       Spirit   .     (no ring)
rMut   .         Warding  .     (no ring)
Saprov . . .     NoTele   +     (no ring)
MR     .....                    (no ring)
                                (no ring)
                                (no ring)
                                (no ring)

@: not resistant to hostile enchantments, quite stealthy
A: almost no armour, amphibious, 8 rings, constrict 8, camouflage 1, gelatinous
body 1
a: Renounce Religion


You were in the Dungeon.
You worshipped Sif Muna.
Sif Muna was noncommittal.
You were not hungry.

You visited 1 branch

Inventory:

Comestibles
 a - 40 strawberries
 c - 8 bread rations
 j - 7 meat rations
Scrolls
 i - a scroll of blinking
 l - 2 scrolls of vulnerability
 m - 3 scrolls of remove curse
 n - 5 scrolls of amnesia
 o - a scroll of summoning
Potions
 d - a potion of curing
 e - a potion of heal wounds
 f - a potion of haste
 g - 4 potions of magic
 h - 3 potions of berserk rage
 k - 2 potions of invisibility
Books
 b - a book of Callings

   Spells                             Type                      Level
   *Summon Small Mammal               Summoning                    1
   *Call Imp                          Summoning                    2
   Call Canine Familiar               Summoning                    3
   Summon Guardian Golem              Hexes/Summoning              4
   Summon Lightning Spire             Summoning/Air                4
   Summon Ice Beast                   Ice/Summoning                4
Magical staves
 p - an uncursed staff of energy (weapon)


   Skills:
 - Level 2.0 Dodging
 - Level 2.6 Stealth
 + Level 2.9 Spellcasting
 * Level 5.3 Summonings
 + Level 1.8 Invocations


You had 3 spell levels left.
You knew the following spells:

 Your Spells              Type           Power        Failure   Level  Hunger
a - Summon Small Mammal   Summ           ###.         1%          1    None
b - Call Imp              Summ           ###.......   2%          2    None


Dungeon Overview and Level Annotations

Branches:
Dungeon (1/1)

Altars:
Ashenzari
Cheibriados
Dithmenos
Elyvilon
Fedhas
Kikubaaqudgha
Makhleb
Nemelex Xobeh
Okawaru
Sif Muna
Trog
Vehumet
Xom
Yredelemnul
Zin
The Shining One
Beogh
Jiyva
Lugonu


Innate Abilities, Weirdness & Mutations

You cannot wear most types of armour.
You are amphibious.
You can wear up to eight rings at the same time.
You can use your tentacles to constrict many enemies at once.
Your skin changes colour to match your surroundings (Stlth).
Your rubbery body absorbs attacks (AC +1).


Message History

The black bear claws your white imp but does no damage.
The black bear claws your white imp.
Casting: Call Imp
Confirm with . or Enter, or press ? or * to list all spells.
Your white imp barely misses the black bear.
The black bear misses your white imp. The black bear claws your white imp.
The black bear claws your white imp.
Your white imp dies!
The black bear bites your bat. The black bear claws your bat.
Your bat dies!
Your bat's corpse disappears in a puff of smoke!
Casting: Summon Small Mammal
Confirm with . or Enter, or press ? or * to list all spells.
You hit the black bear. Your grab misses the black bear.
Your squeeze misses the black bear.
The black bear is severely wounded.
The black bear bites you. The black bear claws you.
* * * LOW HITPOINT WARNING * * *
The black bear claws you.
You die...

############
#__________#
#_____.____#
#######+#############
#.))).+.+..##.........
#.))).#.#.(##......#..#
#######r#####..........
#.....@...%.'..........
#+#####U#####......#..#
#..#.S#%.##..........
#..%..)..#####'#####+
##+####'###.......#
....##.......#
b.S...##.......#
###+#####...<...#
#.......#


You could see a black bear, an adder and a friendly rat.

Vanquished Creatures
  An adder (D)
  A giant eyeball (D)
  A giant gecko (D)
  A giant cockroach (D)
4 creatures vanquished.

Vanquished Creatures (collateral kills)
  A hobgoblin (D)
  A kobold (D)
2 creatures vanquished.

Vanquished Creatures (others)
  A shadow imp (D)
  A white imp (D)
  A bat (D)
  A quokka (D)
  A rat (D)
5 creatures vanquished.

Grand Total: 11 creatures vanquished

Notes
Turn   | Place    | Note
--------------------------------------------------------------
     0 | D        | Froboctopus, the Octopode Summoner, began the quest for the Orb.
     0 | D        | Reached XP level 1. HP: 11/11 MP: 3/3
    38 | D        | Found a shadowy altar of Dithmenos.
    38 | D        | Found a bloodstained altar of Trog.
    38 | D        | Found a deep blue altar of Sif Muna.
    38 | D        | Found a shimmering altar of Xom.
    38 | D        | Found a sparkling altar of Nemelex Xobeh.
    38 | D        | Found a corrupted altar of Lugonu.
    38 | D        | Found a viscous altar of Jiyva.
    39 | D        | Found a basalt altar of Yredelemnul.
    39 | D        | Found a glowing golden altar of the Shining One.
    39 | D        | Found a shattered altar of Ashenzari.
    39 | D        | Found a white marble altar of Elyvilon.
    39 | D        | Found a snail-covered altar of Cheibriados.
    39 | D        | Found a blossoming altar of Fedhas.
    39 | D        | Found a radiant altar of Vehumet.
    39 | D        | Found a burning altar of Makhleb.
    39 | D        | Found an ancient bone altar of Kikubaaqudgha.
    39 | D        | Found a glowing silver altar of Zin.
    39 | D        | Found a roughly hewn altar of Beogh.
    39 | D        | Found an iron altar of Okawaru.
    42 | D        | Became a worshipper of Sif Muna the Loreminder
    74 | D        | Reached skill level 5 in Summonings
    74 | D        | Reached skill level 1 in Invocations
    74 | D        | Reached XP level 2. HP: 12/17 MP: 1/5
   175 | D        | Learned a level 2 spell: Call Imp
   339 | D        | Noticed a black bear
   355 | D        | Slain by a black bear

Action                   || total
-------------------------++-------
Melee: Unarmed           ||     4
       Staff             ||    11
 Cast: Summon Small Mamm ||     5
       Call Imp          ||     4
 Stab: Sleeping          ||     3
